 Dungeon Crawl Stone Soup version 0.19.0 (webtiles) character file.

58 Gargoyl the Skirmisher (level 3, -5/29 HPs)
             Began as a Demonspawn Abyssal Knight on Nov 2, 2016.
             Was a Follower of Lugonu.
             Killed from afar by Sigmund (8 damage)
             ... with a magic dart
             ... on level 2 of the Dungeon.
             The game lasted 00:03:48 (2249 turns).

Gargoyl the Skirmisher (Demonspawn Abyssal Knight)  Turns: 2249, Time: 00:03:48

Health: -5/29      AC: 13    Str: 13    XL:     3   Next: 75%
Magic:  4/4        EV:  3    Int: 15    God:    Lugonu [*.....]
Gold:   123        SH:  0    Dex: 12    Spells: 0 memorised, 2 levels left

rFire  . . .     SeeInvis .     d - +0 broad axe
rCold  . . .     Gourm    .     q - +0 plate armour
rNeg   . . .     Faith    .     (no shield)
rPois  .         Spirit   .     (helmet restricted)
rElec  .         Reflect  .     o - +1 cloak
rCorr  .         Harm     .     (no gloves)
MR     .....                    (no boots)
Stlth  ..........               g - amulet of rage
                                (no ring)
                                f - +2 ring of intelligence

@: no status effects
A: hooves 1, horns 1
a: Depart the Abyss, Renounce Religion, Evoke Berserk Rage


You were on level 2 of the Dungeon.
You worshipped Lugonu.
Lugonu was aware of your devotion.
You were not hungry.

You visited 1 branch of the dungeon, and saw 3 of its levels.
You visited the Abyss 1 time.

You collected 123 gold pieces.

Inventory:

Hand Weapons
 a - a +1 hand axe
 b - a +0 war axe
 d - a +0 broad axe (weapon)
Armour
 o - a +1 cloak (worn)
 q - a +0 plate armour (worn)
Jewellery
 f - a +2 ring of intelligence (left hand)
 g - an amulet of rage (around neck)
Scrolls
 e - 3 scrolls of remove curse {unknown}
 j - a scroll of fog {unknown}
 k - 2 scrolls of teleportation
 m - a scroll of identify {unknown}
 s - a scroll of enchant weapon {unknown}
Potions
 h - 2 potions of invisibility {unknown}
 i - 2 potions of degeneration {unknown}
 l - a potion of haste {unknown}
 p - a potion of magic {unknown}
 r - a potion of curing {unknown}
Comestibles
 c - a bread ration
 n - 3 meat rations


   Skills:
 + Level 3.6 Fighting
 + Level 2.5 Axes
 * Level 2.2 Armour
 + Level 1.2 Dodging
 * Level 2.5 Invocations


You had 2 spell levels left.
You didn't know any spells.

Dungeon Overview and Level Annotations

Branches:
Dungeon (3/15)

Altars:
Dithmenos

Annotations:
D:2 Sigmund


Innate Abilities, Weirdness & Mutations

You have large cloven feet.
You have a pair of small horns on your head.


Message History

Sigmund is heavily wounded.
Sigmund hits you with a scythe.
Your plate armour prevents you from hitting Sigmund.
Sigmund is heavily wounded.
Sigmund breathes a few words.
Sigmund's hands start flickering wildly.
Sigmund casts a spell at you. The puff of flame hits you!
You hit Sigmund. Your kick misses Sigmund.
Sigmund is severely wounded.
Sigmund barely misses you.
You closely miss Sigmund. Your kick misses Sigmund.
Sigmund is severely wounded.
Sigmund hits you with a scythe!
* * * LOW HITPOINT WARNING * * *
You hit Sigmund.
Sigmund is severely wounded.
Sigmund gestures at you while chanting. The magic dart hits you!
You die...

)..........###
#............## ##...#
#..........#..###....# ...
............#...#....## ....
).....................##....
............#####.....#.....
...............###.##.......
.....#.............#.....#
#.##.#........#.@........#
.>.#...........#@#.......#
....#...............#.#..#
..................###.......
...##......>...##.# ##.# ..
..................# ###.#.
..............######......
...##.....................
...##......................


You could see Sigmund.

Vanquished Creatures
  An adder (D:3)
  3 oozes
  A worm (D:2)
  2 dart slugs (D:1)
  2 leopard geckos (D:1)
  2 ball pythons
  2 bats (D:1)
  2 goblins
  6 hobgoblins
  2 kobolds (D:2)
  2 frilled lizards
  3 rats
28 creatures vanquished.

Notes
Turn   | Place    | Note
-------+----------+-------------------------------------------
     0 | Abyss:1  | Gargoyl the Demonspawn Abyssal Knight began the quest for the Orb.
     0 | Abyss:1  | Reached XP level 1. HP: 18/18 MP: 2/2
    40 | Abyss:2  | Noticed a large abomination
    41 | D:1      | Escaped the Abyss
    48 | D:1      | Noticed a seven-headed hydra
    48 | D:1      | Noticed a worker ant
    49 | D:1      | Noticed a lindwurm
    49 | D:1      | Noticed a water moccasin
    61 | D:1      | Reached * piety under Lugonu
    61 | D:1      | Reached skill level 1 in Dodging
   215 | D:1      | Gained mutation: You have large cloven feet. [demonic ancestry]
   215 | D:1      | Reached XP level 2. HP: 7/24 MP: 3/3
  1261 | D:2      | Gained mutation: You have a pair of small horns on your head. [demonic ancestry]
  1261 | D:2      | Reached XP level 3. HP: 25/29 MP: 4/4
  1401 | D:2      | Found a shadowy altar of Dithmenos.
  1485 | D:2      | Noticed Sigmund
  2249 | D:2      | Killed from afar by Sigmund

Skill      XL: |  1  2 |
---------------+-------+-----
Dodging        | 1 |  1.2
Armour         | 2 |  2.2
Axes           | 2 |  2.5
Fighting       | |  3.6
Invocations    | |  2.5

Action                   || total
-------------------------++-------
Melee: Broad axe         ||   109
       Kick              ||    12
       Unarmed           ||    15
       Headbutt          ||     8
Invok: Depart the Abyss  ||     1
 Abil: Evoke Berserk Rag ||     1
  Use: Scroll            ||     1
  Eat: Chunk             ||     2
       Bread ration      ||     1
Armor: Leather armour    ||    19
       Plate armour      ||    47
Dodge: Dodged            ||    69
